 Dungeon Crawl Stone Soup version 0.28-a0-172-g787e458d71 (webtiles) character file.

Game seed: 3470474121426246844

1994 wakim the Destroyer (level 9, -10/52 HPs)
             Began as a Deep Elf Conjurer on Aug 16, 2021.
             Was a Follower of Vehumet.
             Shot with a sling bullet by Joseph (18 damage)
             ... on level 7 of the Dungeon.
             The game lasted 00:13:42 (7481 turns).

wakim the Destroyer (Deep Elf Conjurer)             Turns: 7481, Time: 00:13:43

Health: -10/52     AC:  7    Str:  6    XL:     9   Next: 1%
Magic:  0/26       EV: 14    Int: 25    God:    Vehumet [*.....]
Gold:   219        SH:  0    Dex: 13    Spells: 13/16 levels left

rFire   . . .      SeeInvis .   a - +2 dagger (speed)
rCold   . . .      Faith    .   (no shield)
rNeg    . . .      Spirit   +   i - +0 steam dragon scales
rPois   .          Reflect  .   g - +1 helmet
rElec   .          Harm     .   (no cloak)
rCorr   .          Rampage  .   (no gloves)
Will    +....                   (no boots)
Stlth   ++........              n - amulet of guardian spirit
HPRegen 0.17/turn               c - ring of magical power
MPRegen 0.20/turn               q - ring of willpower

@: no status effects
A: no striking features
a: Renounce Religion


You were on level 7 of the Dungeon.
You worshipped Vehumet.
Vehumet was aware of your devotion.
You visited 2 branches of the dungeon, and saw 8 of its levels.

You collected 236 gold pieces.
You spent 17 gold pieces at shops.

Inventory:

Hand Weapons
 a - a +2 dagger of speed (weapon)
 b - a +0 dagger of venom
Armour
 g - a +1 helmet (worn)
 i - +0 steam dragon scales (worn)
Jewellery
 c - a ring of magical power (left hand)
 n - an amulet of guardian spirit (around neck)
 q - a ring of willpower (right hand)
Scrolls
 f - a scroll of enchant armour
 R - 2 scrolls of magic mapping {!r}
 Y - a scroll of blinking {!r}
 Z - 2 scrolls of silence {!r}
Potions
 d - 4 potions of curing
 e - 2 potions of attraction {unknown}
 r - a potion of mutation {unknown}
 s - 2 potions of resistance {unknown}
 A - a potion of ambrosia
 D - 2 potions of brilliance
 H - 3 potions of haste
 I - a potion of invisibility
 J - a potion of heal wounds
 K - 2 potions of magic


   Skills:
 + Level 4.5 Fighting
 + Level 6.8 Dodging
 - Level 4.0 Stealth
 - Level 4.0 Spellcasting
 - Level 10.0 Conjurations


You had 13 spell levels left.
You knew the following spells:

 Your Spells              Type           Power      Damage    Failure   Level
a - Magic Dart            Conj           100%       1d8       1%          1
s - Searing Ray           Conj           100%       3d7       1%          2

Your spell library contained the following spells:

 Spells                   Type           Power      Damage    Failure   Level
 Foxfire                  Conj/Fire      100%       2x1d9     1%          1
 Dazzling Flash           Conj/Hex       60%        N/A       3%          3
 Fulminant Prism          Conj/Hex       15%        3d11      12%         4
 Iskenderun's Mystic Bla  Conj/Tloc      30%        2d8       12%         4


Dungeon Overview and Level Annotations

Branches:
Dungeon (7/15)             Temple (1/1) D:5

Altars:
Ashenzari
Hepliaklqana
Kikubaaqudgha
Nemelex Xobeh
Okawaru
Qazlal
Vehumet

Shops:
D:4 *   D:6 *

Annotations:
D:7 Joseph


Message History

You climb downwards.
Level annotation: Joseph Joseph shoots a sling bullet.
The sling bullet misses you.
Joseph shoots a sling bullet.
The sling bullet hits you.
There is a stone staircase leading up, spattered with blood here.
The searing ray hits Joseph!
Joseph is lightly wounded. (Press . to maintain the ray.)
The searing ray hits Joseph!
Joseph is moderately wounded.
Joseph zaps a wand.
The puff of flame misses you.
The searing ray hits Joseph!
Joseph is heavily wounded.
Joseph shoots a sling bullet.
The sling bullet misses you.
The searing ray hits Joseph!
Joseph is severely wounded.
You finish channeling your searing ray.
Joseph shoots a sling bullet.
The sling bullet hits you!
The searing ray misses Joseph. (Press . to maintain the ray.) Joseph shoots a sling bullet.
The sling bullet hits you!!
The searing ray hits Joseph!
Joseph is severely wounded.
Joseph shoots a sling bullet.
The sling bullet hits you!
* * * LOW HITPOINT WARNING * * *
Casting: Searing Ray (safe; 1% risk of failure)
Confirm with . or Enter, or press ? or * to list all spells.
Restarting spell: Searing Ray (safe; 1% risk of failure)
Press: ? - help, Shift-Dir - straight line, f/p - Joseph
Aim: Joseph, wielding a +0 hunting sling, wearing a +0 ring mail, quivering sling bullets and carrying a wand of flame (12) (severely wounded, 85% to hit)
The searing ray misses Joseph. (Press . to maintain the ray.) Joseph drinks a potion.
Joseph is healed!
The searing ray hits Joseph.
Joseph is severely wounded.
Joseph shoots a sling bullet.
The sling bullet hits you!
* * * LOW HITPOINT WARNING * * *
Joseph shoots a sling bullet.
The sling bullet hits you!!
You die...

*,**,,,,,,,,,*
,,*******,*****###
*** *,,,,,,..#
*******#.# #.# ***
***********#.# ,,*
*,,,,,,,,,*#.# *,*
*,*******,*#.# *,*
*,* *,*#@# *,***,*
*>*#.# ,*,**,*
*,*#.# ***,,,*
*,*#@#
,*,*****####*,*#.#
*,** *....(,*#.#
*,* *......##.#
*,* *.........#
*,* *......####


You could see Joseph.

Vanquished Creatures
  Eustachio (D:5)
  A steam dragon (D:6)
  2 water moccasins (D:5)
  A black bear (D:6)
  A sky beast (D:6)
  3 necrophages
  2 ogres
  A centaur (D:3)
  A bullfrog (D:4)
  3 scorpions
  A howler monkey (D:6)
  A centaur skeleton (D:6)
  A gnoll shaman (D:5)
  6 hounds
  A jelly (D:6)
  A bullfrog skeleton (D:6)
  A hound skeleton (D:4)
  Robin (D:2)
  3 gnolls (D:5)
  8 adders
  An adder skeleton (D:4)
  4 worms
  5 dart slugs
  4 orcs
  6 ball pythons
  7 bats
  10 endoplasms
  6 giant cockroaches
  13 goblins
  10 hobgoblins
  3 jackals (D:5)
  4 kobolds
  7 quokkas
  2 frilled lizards
  9 rats
131 creatures vanquished.

Vanquished Creatures (others)
  A plant (D:5)
1 creature vanquished.

Grand Total: 132 creatures vanquished

Notes
Turn   | Place    | Note
-------+----------+-------------------------------------------
     0 | D:1      | wakim the Deep Elf Conjurer began the quest for the Orb.
     0 | D:1      | Reached XP level 1. HP: 10/10 MP: 6/6
   246 | D:1      | Reached XP level 2. HP: 15/15 MP: 4/8
   283 | D:1      | Learned a level 2 spell: Searing Ray
   992 | D:1      | Found a faded altar of an unknown god.
  1189 | D:2      | Reached skill level 5 in Conjurations
  1189 | D:2      | Reached XP level 3. HP: 19/19 MP: 6/10
  1541 | D:2      | Reached XP level 4. HP: 20/24 MP: 4/11
  1722 | D:2      | Noticed Robin
  1850 | D:2      | Killed Robin
  1966 | D:2      | Found a sparkling altar of Nemelex Xobeh.
  2442 | D:3      | Noticed a centaur
  2451 | D:3      | Killed a centaur
  2452 | D:3      | Reached skill level 6 in Conjurations
  2452 | D:3      | Reached XP level 5. HP: 17/28 MP: 4/13
  2976 | D:3      | Found a stormy altar of Qazlal.
  3197 | D:4      | Found Moipt's Assorted Antiques.
  3214 | D:4      | Bought a red potion for 17 gold pieces
  3514 | D:4      | You fall into a shaft and drop 2 floors!
  3608 | D:6      | Noticed a steam dragon
  3608 | D:6      | Noticed a necrophage
  3619 | D:6      | Killed a steam dragon
  3620 | D:6      | Reached skill level 1 in Fighting
  3620 | D:6      | Reached skill level 7 in Conjurations
  3620 | D:6      | Reached XP level 6. HP: 31/34 MP: 8/14
  3703 | D:6      | Noticed a sky beast
  3710 | D:6      | Killed a sky beast
  3711 | D:6      | Reached XP level 7. HP: 33/39 MP: 5/15
  3892 | D:6      | Reached skill level 8 in Conjurations
  4033 | D:5      | Entered Level 5 of the Dungeon
  4510 | D:5      | Found a staircase to the Ecumenical Temple.
  4529 | Temple   | Entered the Ecumenical Temple
  4538 | Temple   | Became a worshipper of Vehumet
  4569 | D:5      | Reached skill level 5 in Dodging
  4578 | D:5      | Reached XP level 8. HP: 45/45 MP: 16/16
  4758 | D:5      | Reached skill level 9 in Conjurations
  6333 | D:5      | Noticed Eustachio
  6339 | D:5      | Killed Eustachio
  6340 | D:5      | Reached skill level 10 in Conjurations
  6564 | D:6      | Reached * piety under Vehumet
  6564 | D:6      | Offered knowledge of Foxfire by Vehumet.
  6574 | D:6      | Found Jusipt's Lightly-Used Armoury.
  6816 | D:6      | Reached XP level 9. HP: 52/52 MP: 17/17
  7095 | D:7      | Noticed Joseph
  7481 | D:7      | Shot with a sling bullet by Joseph

Illustrated notes

Levels and vault maps discovered:
D:1:      matt_arrival_diagonals, layout_basic,
          dreamdust_ecumenical_altar_sealed_demon
D:2:      layout_basic, basic_altar, fountainhead, minmay_worlds_worst_comb,
          uniq_robin
D:3:      layout_rooms, mainiacjoe_overflow_tiny_flanked
D:4:      layout_loops_corners, serial_shops, nicolae_shop_statue_plus
D:5:      layout_basic, minmay_temple_entry_overgrown, uniq_eustachio
D:6:      layout_loops_cross, minmay_shop_damaged
D:7:      layout_loops_ring, uniq_pikel, uniq_joseph
Temple:   nicolae_temple_the_god_donut

Skill      XL: |  1  2  3  4  5  6  7  8 |
---------------+-------------------------+-----
Stealth        | 3 4 |  4.0
Conjurations   | 5 6 7 8 10 | 10.0
Spellcasting   | 4 |  4.0
Fighting       | 1 2 4 |  4.5
Dodging        | 3 5 6 |  6.8

Action                   |  1- 3 |  4- 6 |  7- 9 || total
-------------------------+-------+-------+-------++-------
Melee: Short sword       |     7 |       |       ||     7
       Dagger            |       |       |     1 ||     1
 Cast: Magic Dart        |    32 |     7 |     6 ||    45
       Searing Ray       |    13 |    38 |    44 ||    95
  Use: Scroll            |       |     7 |     8 ||    15
Armor: Robe              |     3 |     2 |       ||     5
       Steam dragon scal |       |       |     7 ||     7
Dodge: Dodged            |     6 |    11 |    13 ||    30

Table legend: (Time is in decaauts)
 A = Elapsed time spent in this place.
 B = Non-inter-level travel time spent in this place.
 C = Inter-level travel time spent in this place.
 D = Time resting spent in this place.
 E = Time spent auto-exploring this place.
 F = Levels seen in this place.
 G = Mean time per level.
                   A        B        C        D        E       F      G
               +--------+--------+--------+--------+--------+-----+--------+
         Total |   7487 |   7337 |    150 |    731 |   5861 |   8 |  935.9 |
       Dungeon |   7472 |   7327 |    145 |    731 |   5857 |   7 | 1067.4 |
        Temple |     15 |     10 |      5 |      0 |      4 |   1 |   15.0 |
               +--------+--------+--------+--------+--------+-----+--------+

Top non-repeatable levels by time:
     D:5: 1590 daAuts
     D:6: 1275 daAuts
     D:4: 1243 daAuts
     D:2: 1231 daAuts
     D:1: 1121 daAuts
     D:3: 843 daAuts
     D:7: 166 daAuts
  Temple: 15 daAuts
